 Dungeon Crawl Stone Soup version 0.18-a0-42-g56b16cb (webtiles) character file.

242 Azhtabak the Insei (level 6, 0/48 HPs)
             Began as a Human Monk on Nov 6, 2015.
             Succumbed to an orc wizard's poison
             ... on level 2 of the Dungeon.
             The game lasted 00:24:08 (4757 turns).

Azhtabak the Insei (Human Monk)                     Turns: 4757, Time: 00:24:08

Health: 0/48       AC:  3    Str: 11    XL:     6   Next: 30%
Magic:  6/6        EV: 13    Int: 11    God:
Gold:   143        SH:  0    Dex: 17    Spells: 0 memorised, 5 levels left

rFire  . . .     SeeInvis .       - Unarmed
rCold  . . .     Clarity  .     h - +0 leather armour
rNeg   . . .     SustAt   .     (no shield)
rPois  .         Gourm    .     (no helmet)
rElec  .         Spirit   .     (no cloak)
rCorr  .         Warding  .     (no gloves)
rMut   .         Stasis   .     (no boots)
MR     .....                    (no amulet)
Stlth  ++........               (no ring)
                                (no ring)

@: lethally poisoned (0 -> -9), not resistant to hostile enchantments,
unstealthy
A: no striking features
a: no special abilities


You were on level 2 of the Dungeon.
You were not hungry.

You visited 1 branch of the dungeon, and saw 3 of its levels.

You collected 143 gold pieces.

Inventory:

Missiles
 d - 42 arrows
 i - 4 poisoned needles
 k - 91 stones (quivered)
 r - 12 arrows of flame
 t - 2 needles of sleeping
Armour
 a - a +0 robe
 h - a +0 leather armour (worn)
 l - a cursed +0 robe
 m - a +1 ring mail of cold resistance
 w - a +0 ring mail
Jewellery
 j - an uncursed ring of stealth {unknown}
Scrolls
 e - a scroll of fog {unknown}
 f - a scroll of amnesia {unknown}
 g - a scroll of recharging {unknown}
 n - a scroll of enchant weapon {unknown}
 p - a scroll of blinking {unknown}
 s - a scroll of identify {unknown}
 u - a scroll of teleportation {unknown}
 v - a scroll of remove curse {unknown}
Potions
 c - a potion of poison {unknown}
 o - a potion of agility
 x - 2 potions of brilliance {unknown}
 z - a potion of flight {unknown}
Comestibles
 b - 4 bread rations
 q - 2 beef jerkies
 A - 3 chunks of flesh


   Skills:
 - Level 4.1 Fighting
 + Level 3.3 Dodging
 - Level 3.2 Stealth
 + Level 5.8 Unarmed Combat


You had 5 spell levels left.
You didn't know any spells.

Dungeon Overview and Level Annotations

Branches:
Dungeon (3/15)

Altars:
Gozag

Annotations:
D:2 1 exclusion


Message History

Level annotation: 1 exclusion
* * * LOW HITPOINT WARNING * * *
You feel sick.
There is a stone staircase leading down here.
Drink which item? (? for menu, Esc to quit)
Okay, then.
* * * LOW HITPOINT WARNING * * *
You feel sick.
Things that are here:
9 gold pieces; a leather armour You now have 143 gold pieces (gained 9).
* * * LOW HITPOINT WARNING * * *
You feel sick.
* * * LOW HITPOINT WARNING * * *
You feel sick.
There is a stone staircase leading down here.
There is a lethal amount of poison in your body!
* * * LOW HITPOINT WARNING * * *
You feel sick.
You die...

# # # # # # ########
#......# ########
#.####.########.@[...#
#.#..........##.####.##
#.#......###.##.......#
#.#.##.#.# #.......#..#
#.#.##.#)# ####.##.#..###
#......#.# #.##......#
###.####.# #.......#.#
##.## #.######)#####.#.#
##.#.###.#.....)......#.#


There were no monsters in sight!

Vanquished Creatures
  An orc priest (D:3)
  Ijyb (D:3)
  A worker ant (D:3)
  5 gnolls
  3 adders
  An ooze (D:1)
  2 worms (D:2)
  6 orcs
  A ball python (D:2)
  6 bats
  4 giant cockroaches
  10 goblins
  4 hobgoblins
  2 jackals (D:1)
  13 kobolds
  A giant gecko (D:3)
  8 giant newts
  7 rats
76 creatures vanquished.

Notes
Turn   | Place    | Note
--------------------------------------------------------------
     0 | D:1      | Azhtabak the Human Monk began the quest for the Orb.
     0 | D:1      | Reached XP level 1. HP: 18/18 MP: 1/1
   385 | D:1      | Reached XP level 2. HP: 24/24 MP: 2/2
  1037 | D:1      | Reached XP level 3. HP: 22/29 MP: 3/3
  1551 | D:2      | HP: 1/29 [ball python (1)]
  1828 | D:2      | Reached XP level 4. HP: 35/35 MP: 4/4
  2370 | D:2      | Reached skill level 5 in Unarmed Combat
  2899 | D:3      | Found a faded altar to an unknown god.
  3032 | D:3      | Found an opulent altar of Gozag.
  3129 | D:3      | Reached XP level 5. HP: 41/41 MP: 5/5
  3418 | D:2      | HP: 2/42 [poisoned by a worker ant]
  3930 | D:3      | Noticed Ijyb
  3934 | D:3      | Paralysed by Ijyb for 2 turns
  3940 | D:3      | Paralysed by Ijyb for 4 turns
  3950 | D:3      | Paralysed by Ijyb for 3 turns
  3962 | D:3      | Killed Ijyb
  3962 | D:3      | Reached XP level 6. HP: 42/48 MP: 6/6
  4754 | D:2      | HP: 2/48 [poisoned by an orc wizard]
  4757 | D:2      | Succumbed to an orc wizard's poison

Vault maps used:
D:1:      minmay_arrival_loop, item_on_display_a
D:2:      first_bread, uniq_crazy_yiuf_cottage
D:3:      lemuel_doored_altar, ecumenical_altar_2,
          hangedman_abyss_or_decor_stabs, kennysheep_generic_room_14, uniq_iyjb

Action                   |  1- 3 |  4- 6 || total
-------------------------+-------+-------++-------
Melee: Unarmed           |   109 |   199 ||   308
Throw: Stone             |       |     6 ||     6
  Use: Potion            |     5 |     2 ||     7
 Stab: Sleeping          |     3 |     7 ||    10
       Distracted        |       |     2 ||     2
  Eat: Chunk             |     3 |     7 ||    10
       Royal jelly       |       |     1 ||     1
